| TOP OF THE 1ST |
|
Lexington Legends batting - Pitching for Quad Cities River Bandits : RHP Gabe Torres
|
|
Pitching: RHP Gabe Torres
|
|
|
Batting: LHB Edgar Ortiz
|
0-0: Foul Ball, location: 2F 0-1: Foul Ball, location: 2F 0-2: Ball 1-2: Strikes out swinging
|
|
Batting: RHB Jesus Malave
|
0-0: Ball 1-0: Foul Ball, location: 2F 1-1: SOLO HOME RUN (Flyball, 78XD, EV 105.6 MPH), Distance : 397 ft
|
|
Batting: RHB Nick Julien
|
0-0: Ball 1-0: Swinging Strike 1-1: Ball 2-1: Called Strike 2-2: Ball 3-2: Base on Balls
|
|
Batting: LHB Pablo Serrato
|
0-0: Ball 1-0: Foul Ball, location: 2F 1-1: SINGLE (Groundball, 3D, EV 106.9 MPH) Nick Julien to second
|
|
Batting: SHB Bill Ertl
|
0-0: Swinging Strike 0-1: Ball 1-1: Ball 2-1: Called Strike 2-2: 3-RUN HOME RUN (Flyball, 7D, EV 101.2 MPH), Distance : 380 ft
|
|
Batting: RHB Phil Hamby
|
0-0: Ball 1-0: Ball 2-0: Called Strike 2-1: Foul Ball, location: 2F 2-2: Foul Ball, location: 2F 2-2: Ball 3-2: Foul Ball, location: 2F 3-2: Fly out, F8 (Line Drive, 8RD, EV 90.6 MPH)
|
|
Batting: RHB Chang-keun Baik
|
0-0: Called Strike 0-1: Called Strike 0-2: Strikes out swinging
|
| Top of the 1st over - 4 runs, 3 hits, 0 errors, 0 left on base; Lexington 4 - Quad Cities 0 |
| BOTTOM OF THE 1ST |
|
Quad Cities River Bandits batting - Pitching for Lexington Legends : LHP Butch Ott
|
|
Pitching: LHP Butch Ott
|
|
|
Batting: RHB Sean Mounts
|
0-0: Ground out 5-3 (Groundball, 56, EV 76.2 MPH)
|
|
Batting: LHB Kelvin Jones
|
0-0: Ball 1-0: Ball 2-0: Called Strike 2-1: Fly out, F6 (Line Drive, 6, EV 73.1 MPH)
|
|
Batting: LHB Danny Wolver
|
0-0: Ball 1-0: Swinging Strike 1-1: Ball 2-1: Foul Ball, location: 2F 2-2: Ball 3-2: Base on Balls
|
|
Batting: LHB Aldo Kok
|
0-0: Swinging Strike 0-1: Called Strike Danny Wolver steals 2nd base 0-2: Foul Ball, location: 2F 0-2: Ball 1-2: Strikes out swinging
|
| Bottom of the 1st over - 0 runs, 0 hits, 0 errors, 1 left on base; Lexington 4 - Quad Cities 0 |
| TOP OF THE 2ND |
|
Lexington Legends batting - Pitching for Quad Cities River Bandits : RHP Gabe Torres
|
|
Batting: RHB Pat McCoy
|
0-0: Ball 1-0: Ball 2-0: Ball 3-0: Called Strike 3-1: Base on Balls
|
|
Batting: RHB Vic Nelson
|
0-0: Called Strike 0-1: Ball 1-1: Ball 2-1: Ball 3-1: SINGLE (Groundball, 56D, EV 105.6 MPH) Pat McCoy to second
|
|
Batting: LHB Edgar Ortiz
|
0-0: Swinging Strike 0-1: Swinging Strike 0-2: Ball 1-2: Ball 2-2: Ball 3-2: Base on Balls Pat McCoy to third Vic Nelson to second
|
|
Batting: RHB Jesus Malave
|
0-0: Ball 1-0: Ball 2-0: Foul Ball, location: 2F 2-1: Ground out 6-3 (Groundball, 6S, EV 68.8 MPH) Pat McCoy scores Vic Nelson to third Edgar Ortiz to second
|
|
Batting: RHB Nick Julien
|
0-0: Ball 1-0: Swinging Strike 1-1: Swinging Strike Passed Ball! Vic Nelson scores Edgar Ortiz to third 1-2: Foul Ball, location: 2F 1-2: Ball 2-2: Foul Ball, location: 2F 2-2: Strikes out swinging
|
|
Batting: LHB Pablo Serrato
|
0-0: Ball 1-0: Called Strike 1-1: Foul Ball, location: 2F 1-2: Ground out 4-3 (Groundball, 4, EV 81.9 MPH)
|
| Top of the 2nd over - 2 runs, 1 hit, 0 errors, 1 left on base; Lexington 6 - Quad Cities 0 |
| BOTTOM OF THE 2ND |
|
Quad Cities River Bandits batting - Pitching for Lexington Legends : LHP Butch Ott
|
|
Batting: RHB Tim Persson
|
0-0: Called Strike 0-1: Foul Ball, location: 2F 0-2: Foul Ball, location: 2F 0-2: Ball 1-2: Strikes out swinging
|
|
Batting: RHB Joel Vazquez
|
0-0: Foul Ball, location: 2F 0-1: SOLO HOME RUN (Flyball, 78XD, EV 100.0 MPH), Distance : 409 ft
|
|
Batting: RHB Reginald McDougall
|
0-0: Called Strike 0-1: Ball 1-1: Called Strike 1-2: DOUBLE (Line Drive, 5D, EV 99.4 MPH)
|
|
Batting: RHB Lee Wright
|
0-0: Called Strike 0-1: Called Strike 0-2: Ball 1-2: Strikes out swinging
|
|
Batting: LHB Fernando Gomez
|
0-0: Called Strike 0-1: Ball 1-1: Foul Ball, location: 2F 1-2: Ball 2-2: SINGLE (Line Drive, 34, EV 110.0 MPH) Reginald McDougall to third
|
|
Batting: RHB Sean Mounts
|
0-0: Ball 1-0: Swinging Strike 1-1: Fly out, F9 (Flyball, 89S, EV 91.9 MPH)
|
| Bottom of the 2nd over - 1 run, 3 hits, 0 errors, 2 left on base; Lexington 6 - Quad Cities 1 |
| TOP OF THE 3RD |
|
Lexington Legends batting - Pitching for Quad Cities River Bandits : RHP Gabe Torres
|
|
Batting: SHB Bill Ertl
|
0-0: Ball 1-0: Fly out, F8 (Flyball, 8RD, EV 93.8 MPH)
|
|
Batting: RHB Phil Hamby
|
0-0: SINGLE (Groundball, 56D, EV 95.0 MPH)
|
|
Batting: RHB Chang-keun Baik
|
0-0: Ball 1-0: Fielders Choice at 2nd, 5-4 (Groundball, 56, EV 95.0 MPH)
|
|
Batting: RHB Pat McCoy
|
0-0: Ball 1-0: Called Strike 1-1: Ground out 4-3 (Groundball, 34S, EV 83.1 MPH)
|
| Top of the 3rd over - 0 runs, 1 hit, 0 errors, 1 left on base; Lexington 6 - Quad Cities 1 |
| BOTTOM OF THE 3RD |
|
Quad Cities River Bandits batting - Pitching for Lexington Legends : LHP Butch Ott
|
|
Batting: LHB Kelvin Jones
|
0-0: Foul Ball, location: 2F 0-1: Swinging Strike 0-2: Ball 1-2: Ball 2-2: Ball 3-2: Base on Balls
|
|
Batting: LHB Danny Wolver
|
0-0: Ball Wild Pitch! Kelvin Jones to second 1-0: Ball 2-0: Ball 3-0: Base on Balls
|
|
Batting: LHB Aldo Kok
|
0-0: Called Strike 0-1: Ball 1-1: Ball 2-1: Foul Ball, location: 2F 2-2: Foul Ball, location: 2F 2-2: Ball 3-2: Foul Ball, location: 2F 3-2: Grounds into double play, 6-4-3 (Groundball, 6, EV 85.6 MPH) Kelvin Jones to third
|
|
Batting: RHB Tim Persson
|
0-0: Ball 1-0: Swinging Strike 1-1: Swinging Strike 1-2: Ball 2-2: Strikes out swinging
|
| Bottom of the 3rd over - 0 runs, 0 hits, 0 errors, 1 left on base; Lexington 6 - Quad Cities 1 |
| TOP OF THE 4TH |
|
Lexington Legends batting - Pitching for Quad Cities River Bandits : RHP Gabe Torres
|
|
Batting: RHB Vic Nelson
|
0-0: Ball 1-0: Foul Ball, location: 2F 1-1: Fly out, F5 (Popup, 25F, EV 88.1 MPH)
|
|
Batting: LHB Edgar Ortiz
|
0-0: Called Strike 0-1: Ball 1-1: Foul Ball, location: 2F 1-2: Strikes out swinging
|
|
Batting: RHB Jesus Malave
|
0-0: Swinging Strike 0-1: Foul Ball, location: 2F 0-2: Ball 1-2: Strikes out swinging
|
| Top of the 4th over - 0 runs, 0 hits, 0 errors, 0 left on base; Lexington 6 - Quad Cities 1 |
| BOTTOM OF THE 4TH |
|
Quad Cities River Bandits batting - Pitching for Lexington Legends : LHP Butch Ott
|
|
Pitching: LHP Tyler Abraham
|
|
|
Batting: RHB Joel Vazquez
|
0-0: Ball 1-0: Foul Ball, location: 2F 1-1: Fly out, F4 (Line Drive, 4M, EV 68.8 MPH)
|
|
Batting: RHB Reginald McDougall
|
0-0: Ball 1-0: Ground out 6-3 (Groundball, 6, EV 104.4 MPH)
|
|
Batting: RHB Lee Wright
|
0-0: DOUBLE (Flyball, 89D, EV 110.6 MPH)
|
|
Batting: LHB Fernando Gomez
|
0-0: Ball 1-0: Called Strike 1-1: Ball 2-1: Ground out 5-3 (Groundball, 56, EV 85.6 MPH)
|
| Bottom of the 4th over - 0 runs, 1 hit, 0 errors, 1 left on base; Lexington 6 - Quad Cities 1 |
| TOP OF THE 5TH |
|
Lexington Legends batting - Pitching for Quad Cities River Bandits : RHP Gabe Torres
|
|
Batting: RHB Nick Julien
|
0-0: Ball 1-0: Ball 2-0: Ball 3-0: Base on Balls
|
|
Batting: LHB Pablo Serrato
|
0-0: Called Strike 0-1: Ball 1-1: Ball 2-1: Foul Ball, location: 2F 2-2: Ball 3-2: SINGLE (Groundball, 13S, EV 73.8 MPH) (infield hit) Nick Julien to second
|
|
Batting: SHB Bill Ertl
|
0-0: Ball 1-0: SINGLE (Groundball, 4MS, EV 71.2 MPH) (infield hit) Nick Julien to third Pablo Serrato to second
|
|
Batting: RHB Phil Hamby
|
0-0: Called Strike 0-1: Swinging Strike 0-2: Ball 1-2: Foul Ball, location: 2F 1-2: Ball 2-2: SINGLE (Groundball, 6MD, EV 100.0 MPH) Nick Julien scores Pablo Serrato to third Bill Ertl to second
|
|
Pitching: RHP Carlos Zavala
|
|
|
Batting: RHB Chang-keun Baik
|
0-0: Called Strike 0-1: Ball 1-1: Swinging Strike 1-2: Ball 2-2: Strikes out swinging
|
|
Batting: RHB Pat McCoy
|
0-0: Called Strike 0-1: Called Strike 0-2: DOUBLE (Line Drive, 5D, EV 106.2 MPH) Pablo Serrato scores Bill Ertl scores Phil Hamby to third
|
|
Batting: RHB Vic Nelson
|
0-0: Called Strike 0-1: Ball 1-1: Fly out, F9 (Flyball, 9LD, EV 102.5 MPH) Runner from 3rd tags up, SCORES, no throw by RF Pat McCoy to third
|
|
Batting: LHB Edgar Ortiz
|
0-0: Called Strike 0-1: Ball 1-1: Ball 2-1: Ball 3-1: Base on Balls
|
|
Batting: RHB Jesus Malave
|
0-0: Called Strike 0-1: Called Strike 0-2: Fielders Choice at 2nd, 6-4 (Groundball, 6, EV 86.9 MPH)
|
| Top of the 5th over - 4 runs, 4 hits, 0 errors, 2 left on base; Lexington 10 - Quad Cities 1 |
| BOTTOM OF THE 5TH |
|
Quad Cities River Bandits batting - Pitching for Lexington Legends : LHP Tyler Abraham
|
|
Batting: RHB Sean Mounts
|
0-0: Called Strike 0-1: Ball 1-1: Ball 2-1: Ball 3-1: Base on Balls
|
|
Batting: LHB Kelvin Jones
|
0-0: Called Strike 0-1: Ball 1-1: Foul Ball, location: 2F 1-2: Ball 2-2: Foul Ball, location: 2F 2-2: Foul Ball, location: 2F 2-2: Strikes out swinging
|
|
Batting: LHB Danny Wolver
|
0-0: Ball 1-0: Ball Sean Mounts steals 2nd, throwing error, E2 Sean Mounts to third 2-0: Foul Ball, location: 2F 2-1: Swinging Strike 2-2: Ball 3-2: Foul Ball, location: 2F 3-2: Strikes out looking
|
|
Batting: LHB Aldo Kok
|
0-0: Fly out, F8 (Flyball, 8LM, EV 90.0 MPH)
|
| Bottom of the 5th over - 0 runs, 0 hits, 1 error, 1 left on base; Lexington 10 - Quad Cities 1 |
| TOP OF THE 6TH |
|
Lexington Legends batting - Pitching for Quad Cities River Bandits : RHP Carlos Zavala
|
|
Pitching: LHP Glenn Lowther
|
|
|
Batting: RHB Nick Julien
|
0-0: Ground out 3-1 (Groundball, 34, EV 106.9 MPH)
|
|
Batting: LHB Pablo Serrato
|
0-0: Called Strike 0-1: Ball 1-1: Foul Ball, location: 2F 1-2: Ground out 1-3 (Groundball, 15S, EV 63.8 MPH)
|
|
Batting: SHB Bill Ertl
|
0-0: SINGLE (Groundball, 56D, EV 104.4 MPH)
|
|
Batting: RHB Phil Hamby
|
0-0: Called Strike 0-1: Ball 1-1: SINGLE (Groundball, 4D, EV 101.2 MPH) Bill Ertl to second Runner from 2nd tries for 3rd, SAFE, no throw by CF
|
|
Batting: RHB Chang-keun Baik
|
0-0: SINGLE (Line Drive, 6MD, EV 108.8 MPH) Bill Ertl scores Phil Hamby to second Runner from 2nd tries for 3rd, SAFE, throw by CF made to third
|
|
Batting: RHB Pat McCoy
|
0-0: Swinging Strike 0-1: Ball 1-1: Called Strike 1-2: Ball 2-2: Foul Ball, location: 2F 2-2: Ball 3-2: Foul Ball, location: 2F 3-2: SINGLE (Line Drive, 6D, EV 102.5 MPH) Phil Hamby scores Chang-keun Baik to second Chang-keun Baik to third
|
|
Pitching: RHP Wade Girard
|
|
|
Batting: RHB Vic Nelson
|
0-0: Called Strike 0-1: Ball 1-1: Swinging Strike 1-2: Fielders Choice at 2nd, 6-4 (Groundball, 6, EV 87.5 MPH)
|
| Top of the 6th over - 2 runs, 4 hits, 0 errors, 2 left on base; Lexington 12 - Quad Cities 1 |
| BOTTOM OF THE 6TH |
|
Quad Cities River Bandits batting - Pitching for Lexington Legends : LHP Tyler Abraham
|
|
Batting: RHB Tim Persson
|
0-0: Ball 1-0: Ball 2-0: Ball 3-0: Called Strike 3-1: Swinging Strike 3-2: Strikes out swinging
|
|
Batting: RHB Joel Vazquez
|
0-0: Ground out 4-3 (Groundball, 4S, EV 70.0 MPH)
|
|
Batting: RHB Reginald McDougall
|
0-0: Ball 1-0: Swinging Strike 1-1: Ball 2-1: Foul Ball, location: 2F 2-2: Ball 3-2: Base on Balls
|
|
Pitching: RHP Greg Sell
|
|
|
Batting: RHB Lee Wright
|
0-0: Foul Ball, location: 2F 0-1: Swinging Strike 0-2: Strikes out swinging
|
| Bottom of the 6th over - 0 runs, 0 hits, 0 errors, 1 left on base; Lexington 12 - Quad Cities 1 |
| TOP OF THE 7TH |
|
Lexington Legends batting - Pitching for Quad Cities River Bandits : RHP Wade Girard
|
|
Batting: LHB Edgar Ortiz
|
0-0: Called Strike 0-1: Fly out, F8 (Flyball, 8RXD, EV 97.5 MPH)
|
|
Pinch Hitting: RHB Carlos Santoni
|
0-0: Called Strike 0-1: Ball 1-1: Ground out 5-3 (Groundball, 56, EV 85.6 MPH)
|
|
Batting: RHB Nick Julien
|
0-0: Ball 1-0: Ground out 5-3 (Groundball, 25, EV 78.8 MPH)
|
| Top of the 7th over - 0 runs, 0 hits, 0 errors, 0 left on base; Lexington 12 - Quad Cities 1 |
| BOTTOM OF THE 7TH |
|
Quad Cities River Bandits batting - Pitching for Lexington Legends : RHP Greg Sell
|
|
Now in RF: Carlos Santoni
|
|
|
Batting: LHB Fernando Gomez
|
0-0: Called Strike 0-1: SINGLE (Groundball, 34D, EV 95.6 MPH)
|
|
Batting: RHB Sean Mounts
|
0-0: Called Strike 0-1: Called Strike Fernando Gomez steals 2nd base (no throw) 0-2: Ball 1-2: Ball 2-2: Strikes out looking
|
|
Batting: LHB Kelvin Jones
|
0-0: Called Strike 0-1: Ball Wild Pitch! Fernando Gomez to third 1-1: Called Strike 1-2: Ball 2-2: Strikes out swinging
|
|
Batting: LHB Danny Wolver
|
0-0: Swinging Strike 0-1: Ball 1-1: Ball 2-1: Swinging Strike 2-2: Foul Ball, location: 2F 2-2: Strikes out swinging
|
| Bottom of the 7th over - 0 runs, 1 hit, 0 errors, 1 left on base; Lexington 12 - Quad Cities 1 |
| TOP OF THE 8TH |
|
Lexington Legends batting - Pitching for Quad Cities River Bandits : RHP Wade Girard
|
|
Batting: LHB Pablo Serrato
|
0-0: Fly out, F8 (Line Drive, 78M, EV 95.6 MPH)
|
|
Batting: SHB Bill Ertl
|
0-0: Foul Ball, location: 2F 0-1: Ball 1-1: Ball 2-1: Foul Ball, location: 2F 2-2: Strikes out swinging
|
|
Batting: RHB Phil Hamby
|
0-0: Ball 1-0: Ball 2-0: Ball 3-0: Called Strike 3-1: Base on Balls
|
|
Pinch Hitting: SHB Adrian Orosco
|
0-0: Called Strike 0-1: Fly out, F7 (Line Drive, 7, EV 83.1 MPH)
|
| Top of the 8th over - 0 runs, 0 hits, 0 errors, 1 left on base; Lexington 12 - Quad Cities 1 |
| BOTTOM OF THE 8TH |
|
Quad Cities River Bandits batting - Pitching for Lexington Legends : RHP Greg Sell
|
|
Pitching: RHP Josh Rutledge
|
|
|
Now at 1B: Adrian Orosco
|
|
|
Batting: LHB Aldo Kok
|
0-0: Ball 1-0: Ball 2-0: Ball 3-0: Base on Balls
|
|
Batting: RHB Tim Persson
|
0-0: Called Strike 0-1: Foul Ball, location: 2F 0-2: Ball 1-2: Strikes out looking
|
|
Pinch Hitting: LHB Josh Corkery
|
0-0: Called Strike 0-1: Ball 1-1: Foul Ball, location: 2F 1-2: Strikes out looking
|
|
Pinch Hitting: LHB Daigo Ishii
|
0-0: Ball 1-0: Foul Ball, location: 2F 1-1: Foul Ball, location: 2F 1-2: Foul Ball, location: 2F 1-2: Fly out, F7 (Flyball, 7LD, EV 105.0 MPH)
|
| Bottom of the 8th over - 0 runs, 0 hits, 0 errors, 1 left on base; Lexington 12 - Quad Cities 1 |
| TOP OF THE 9TH |
|
Lexington Legends batting - Pitching for Quad Cities River Bandits : RHP Wade Girard
|
|
Now at 3B: Fernando Gomez
|
|
|
Now at SS: Josh Corkery
|
|
|
Now in CF: Mike Staley
|
|
|
Batting: RHB Pat McCoy
|
0-0: Ball 1-0: Fly out, F6 (Popup, 6M, EV 75.0 MPH)
|
|
Batting: RHB Vic Nelson
|
0-0: Foul Ball, location: 2F 0-1: Swinging Strike 0-2: Strikes out swinging
|
|
Batting: LHB Edgar Ortiz
|
0-0: Called Strike 0-1: Ball 1-1: Foul Ball, location: 2F 1-2: Hit by Pitch
|
|
Batting: RHB Carlos Santoni
|
0-0: Ball 1-0: SINGLE (Groundball, 25, EV 68.1 MPH) (infield hit) Edgar Ortiz to second
|
|
Batting: RHB Nick Julien
|
0-0: Ball 1-0: Fly out, F8 (Flyball, 8RM, EV 77.5 MPH)
|
| Top of the 9th over - 0 runs, 1 hit, 0 errors, 2 left on base; Lexington 12 - Quad Cities 1 |
| BOTTOM OF THE 9TH |
|
Quad Cities River Bandits batting - Pitching for Lexington Legends : RHP Josh Rutledge
|
|
Batting: RHB Lee Wright
|
0-0: Ball 1-0: Called Strike 1-1: Ball 2-1: Ball 3-1: SINGLE (Line Drive, 8RS, EV 100.0 MPH)
|
|
Batting: LHB Fernando Gomez
|
0-0: Ball 1-0: Swinging Strike 1-1: Fielders Choice at 2nd, 5-4 (Groundball, 56, EV 85.6 MPH)
|
|
Batting: RHB Sean Mounts
|
0-0: Fielders Choice at 2nd, 5-4 (Groundball, 56, EV 86.9 MPH)
|
|
Pitching: RHP Gary Ackerman
|
|
|
Batting: LHB Kelvin Jones
|
0-0: Called Strike 0-1: Ball 1-1: Swinging Strike 1-2: Ball Passed Ball! Sean Mounts to second 2-2: Strikes out swinging
|
| Bottom of the 9th over - 0 runs, 1 hit, 0 errors, 1 left on base; Lexington 12 - Quad Cities 1 |
|